 Dungeon Sprint DCSS version 0.18.1-50-g88ac8fd (webtiles) character file.

92 Kagutsuchi the Skirmisher (level 4, -11/45 HPs)
             Began as a Draconian Berserker on Oct 21, 2016.
             Was a Believer of Trog.
             Mangled by a neqoxec (15 damage)
             ... in the Dungeon (Sprint II: "The Violet Keep of Menkaure").
             The game lasted 00:00:32 (43 turns).

Kagutsuchi the Skirmisher (Draconian Berserker)       Turns: 43, Time: 00:00:32

Health: -11/45     AC:  5    Str: 19      XL:     4   Next: 35%
Magic:  4/4        EV: 13    Int:  6 (8)  God:    Trog [**....]
Gold:   0          SH:  0    Dex:  9      Spells: 0 memorised, 3 levels left

rFire  . . .     SeeInvis .     a - +0 falchion
rCold  . . .     Gourm    .     (armour unavailable)
rNeg   . . .     Faith    .     (no shield)
rPois  .         Spirit   .     (helmet restricted)
rElec  .         Dismiss  .     (no cloak)
rCorr  .         Reflect  .     (no gloves)
SustAt .         Harm     .     (no boots)
MR     .....     NoTele   +     (no amulet)
Stlth  +.........               (no ring)
                                (no ring)

@: exhausted, not resistant to hostile enchantments, very unstealthy
A: unfitting armour, clumsy 1, cold-blooded, subdued magic 1, MP-powered wands,
AC +5
a: Berserk, Trog's Hand, Burn Spellbooks, Renounce Religion


You were in the Dungeon.
You worshipped Trog.
Trog was pleased with you.
You were not hungry.

You visited 1 branch

Inventory:

Hand Weapons
 a - a +0 falchion (weapon)
Scrolls
 h - a scroll of blinking
Potions
 d - a potion of heal wounds
 e - a potion of haste
 f - 2 potions of magic
 g - a potion of berserk rage
Comestibles
 b - a bread ration


   Skills:
 + Level 6.4 Fighting
 + Level 5.8 Long Blades
 + Level 5.2 Dodging


You had 3 spell levels left.
You didn't know any spells.

Dungeon Overview and Level Annotations

Branches:
Dungeon (1/1)

Altars:


Innate Abilities, Weirdness & Mutations

Your plain brown scales are hard (AC +5).
Your body does not fit into most forms of armour.
You are cold-blooded and may be slowed by cold attacks.
You are clumsy. (Dex -2)
Your spells are a little easier to cast, but a little less powerful.
You expend magic power (3 MP) to strengthen your wands.


Message History

The neqoxec closely misses you.
Unknown command.
You hit the neqoxec but do no damage.
The neqoxec is moderately wounded.
The neqoxec hits you!
* * * LOW HITPOINT WARNING * * *
The neqoxec hits you.
* * * LOW HITPOINT WARNING * * *
Unknown command.
You hit the neqoxec but do no damage.
The neqoxec is moderately wounded.
The neqoxec gestures.
The neqoxec gestures at you.
Strange energies course through your body.
You feel your magical essence link to your wands.
The neqoxec misses you.
Unknown command.
You hit the neqoxec.
The neqoxec is heavily wounded.
The neqoxec closely misses you. The neqoxec hits you!
You die... ## ### .##5. 555 #3# ##3## +533+

##@##
#†#
#.#.#
#..
..#
###
###


You could see 4 neqoxecs, an iron imp, a quasit, a shadow imp and 2 ufetubi.

Vanquished Creatures
  4 worker ants (D)
4 creatures vanquished.

Vanquished Creatures (others)
  A crocodile (D)
1 creature vanquished.

Grand Total: 5 creatures vanquished

Notes
Turn   | Place    | Note
--------------------------------------------------------------
     0 | D        | Kagutsuchi the Draconian Berserker began the quest for the Orb.
     0 | D        | Reached XP level 1. HP: 19/19 MP: 1/1
     1 | D        | Noticed a worker ant
     1 | D        | Noticed a worker ant
     1 | D        | Noticed a worker ant
     1 | D        | Noticed a worker ant
     8 | D        | Killed a worker ant
     8 | D        | Reached skill level 4 in Fighting
     8 | D        | Reached XP level 2. HP: 28/28 MP: 2/2
    11 | D        | Reached ** piety under Trog
    11 | D        | Reached skill level 5 in Fighting
    11 | D        | Reached skill level 5 in Long Blades
    11 | D        | Reached XP level 3. HP: 32/36 MP: 3/3
    16 | D        | Reached XP level 4. HP: 27/44 MP: 4/4
    19 | D        | Reached skill level 6 in Fighting
    19 | D        | Reached skill level 5 in Dodging
    23 | D        | Killed a crocodile
    31 | D        | Noticed a neqoxec
    31 | D        | Noticed a neqoxec
    31 | D        | Noticed a neqoxec
    31 | D        | Noticed a neqoxec
    36 | D        | Gained mutation: You are clumsy. (Dex -2) [a neqoxec]
    36 | D        | Gained mutation: Your spells are a little easier to cast, but a little less powerful. [a neqoxec]
    42 | D        | Gained mutation: You expend magic power (3 MP) to strengthen your wands. [a neqoxec]
    43 | D        | Mangled by a neqoxec

Skill      XL: |  1  2  3  4 |
---------------+-------------+-----
Fighting       | 4 5 6 |  6.4
Long Blades    | 4 5 |  5.8
Dodging        | 3 4 5 |  5.2

Action                   |  1- 3 |  4- 6 || total
-------------------------+-------+-------++-------
Melee: Falchion          |    12 |    13 ||    25
       Tailslap          |     1 |     3 ||     4
Invok: Berserk           |     1 |       ||     1
  Use: Potion            |       |     1 ||     1
Armor: Skin              |     1 |       ||     1
Dodge: Dodged            |     4 |    11 ||    15
